Map: Lightshade LE

Players

uwuThermal (uThermal) - Winner!

  • Race: Terran Terran
  • Spawn Location: 5:00

Rail

  • Race: Protoss Protoss
  • League: Master
  • Spawn Location: 11:00

Event: DreamHack SC2 Masters 2020 Winter

VOD

Have the link to the VOD?

Description

Time

  • Played on: Oct. 31, 2020, 2:27 p.m.
  • Length: 19:43

All games in this series

Show
View Real Time Build Order
Export as new Build Order

uwuThermal Terran - Winner!

Build Orders: 1/1/1 

Get SALT Encoding   

  12  0:00  SCV  
  13  0:12  SCV  
  14  0:16  Supply Depot  
  14  0:24  SCV  
  14  0:27  Refinery  
  15  0:38  SCV  
  16  0:45  Barracks  
  16  0:50  SCV  
  17  1:02  SCV  
  18  1:05  Engineering Bay  
  18  1:14  SCV  
  19  1:32  Marine  
  20  1:33  Factory  
  20  1:37  Orbital Command  
  20  1:49  Supply Depot  
  20  1:50  Barracks Reactor  
  20  2:03  SCV  
  21  2:15  SCV  
  22  2:18  Supply Depot  
  22  2:24  Starport  
  22  2:27  SCV  
  22  2:29  Hellion  
  27  2:30  Hellion  
  27  2:39  SCV  
  28  2:48  Command Center  
  28  2:57  Hellion  
  32  2:58  Hellion  
  32  3:03  Medivac  
  32  3:05  SCV  
  35  3:09  Refinery  
  35  3:12  Barracks Tech Lab  
  35  3:17  SCV  
  36  3:26  Supply Depot  
  36  3:29  SCV  
  37  3:41  Marine, SCV  
  37  3:48  Marine, Cyclone  
  43  3:53  SCV  
  43  3:54  Barracks  
  42  4:04  Marine  
  42  4:05  Marine  
  43  4:11  Orbital Command  
  43  4:12  SCV  
  43  4:15  Bunker  
  41  4:20  Cyclone  
  41  4:23  Marine  
  41  4:24  Marine  
  44  4:26  SCV  
  45  4:37  Barracks  
  45  4:38  SCV x2  
  45  4:43  Barracks Tech Lab, Marine x2  
  47  4:50  SCV x2, Engineering Bay  
  49  5:01  Marine x2  
  49  5:02  SCV x2  
  49  5:03  Marine, Refinery  
  49  5:04  Stimpack  
  54  5:09  Supply Depot  
  54  5:14  SCV x2  
  54  5:16  Terran Infantry Weapons Level 1  
  54  5:19  Marine x2  
  58  5:21  Marine  
  58  5:26  SCV, Supply Depot  
  58  5:28  SCV  
  61  5:30  Starport Reactor  
  61  5:33  Marauder  
  61  5:34  Factory Reactor  
  63  5:36  Marine x2  
  63  5:38  SCV  
  63  5:39  Marauder  
  68  5:44  Supply Depot  
  68  5:46  SCV  
  68  5:48  Combat Shield  
  69  5:50  SCV  
  69  5:55  Marauder  
  69  5:56  Marine x2  
  74  5:58  SCV  
  74  6:01  Marauder  
  74  6:03  SCV  
  78  6:07  Medivac  
  78  6:08  Supply Depot  
  78  6:10  Medivac, SCV  
  83  6:12  Supply Depot  
  83  6:15  Widow Mine  
  85  6:20  Marine  
  86  6:28  Supply Depot  
  86  6:29  Marine  
  86  6:30  Widow Mine, Marauder x2  
  93  6:36  Widow Mine  
  93  6:38  Medivac  
  97  6:40  Medivac  
  97  6:44  SCV  
  97  6:45  Supply Depot  
  97  6:46  Concussive Shells  
  100  6:47  Marine x2  
  100  6:51  Marauder  
  97  7:01  Widow Mine  
  97  7:02  Widow Mine  
  97  7:06  Marine  
  97  7:07  Marauder  
  102  7:18  Command Center  
  102  7:19  Medivac  
  102  7:20  Marine  
  102  7:21  Marauder  
Show
View Real Time Build Order
Export as new Build Order

Rail Protoss 

Build Orders: Phoenix Opening 

Get SALT Encoding   

  12  0:00  Probe  
  13  0:13  Probe  
  14  0:17  Pylon  
  14  0:25  Probe (Chrono Boost)  
  15  0:36  Gateway  
  15  0:37  Probe (Chrono Boost)  
  16  0:44  Probe (Chrono Boost)  
  16  0:45  Assimilator  
  17  0:51  Probe  
  18  1:03  Probe  
  19  1:15  Probe  
  20  1:27  Probe  
  20  1:28  Cybernetics Core  
  20  1:32  Pylon  
  21  1:39  Assimilator  
  21  1:43  Probe  
  22  2:01  Nexus  
  22  2:08  Adept (Chrono Boost)  
  24  2:17  Stargate  
  24  2:20  Probe  
  25  2:24  Warp Gate  
  25  2:32  Probe  
  25  2:33  Adept (Chrono Boost)  
  28  2:50  Probe  
  29  2:54  Adept (Chrono Boost)  
  31  3:09  Pylon  
  31  3:11  Phoenix (Chrono Boost)  
  34  3:12  Probe  
  34  3:17  Probe  
  35  3:20  Adept  
  37  3:28  Phoenix (Chrono Boost)  
  38  3:34  Gateway  
  38  3:39  Pylon  
  38  3:45  Pylon  
  38  3:49  Pylon  
  38  3:52  Pylon  
  37  4:09  Phoenix (Chrono Boost)  
  39  4:15  Probe  
  40  4:18  Probe  
  41  4:31  Probe  
  42  4:32  Oracle (Chrono Boost)  
  42  4:33  Probe  
  46  4:42  Twilight Council  
  46  4:47  Probe  
  46  4:49  Probe  
  48  4:59  Probe  
  49  5:01  Phoenix (Chrono Boost), Probe  
  52  5:07  Zealot  
  52  5:11  Probe  
  55  5:15  Charge (Chrono Boost)  
  55  5:16  Probe  
  56  5:24  Probe  
  56  5:25  Zealot  
  59  5:30  Probe  
  60  5:36  Probe  
  60  5:37  Pylon, Sentry  
  60  5:42  Pylon, Probe  
  64  5:45  Zealot  
  64  5:48  Probe  
  67  5:54  Assimilator, Probe  
  68  5:57  Pylon  
  68  6:00  Probe  
  68  6:01  Zealot  
  71  6:05  Robotics Facility  
  71  6:07  Probe  
  71  6:11  Zealot  
  74  6:12  Probe  
  74  6:16  Gateway  
  75  6:22  Zealot  
  75  6:25  Probe  
  78  6:27  Gateway  
  78  6:31  Probe  
  79  6:33  Pylon  
  79  6:34  Zealot  
  81  6:46  Nexus  
  68  7:01  Stalker, Zealot  
  62  7:11  Stalker  
  62  7:15  Robotics Bay  
Tags
 
Add a new tag
Caveats
  • Supply blocks, unpowered buildings, or Contaminate may cause inaccurate times.
  • Supply counts are checked every 10 seconds.